 Dungeon Crawl Stone Soup version 0.31-a0-851-g7ff8af7976 (webtiles) character file.

Game seed: 17210124366328373124

2417 wvc the Destroyer (level 9, -3/45 HPs)
             Began as a Gargoyle Fire Elementalist on Oct 5, 2023.
             Was a Follower of Vehumet.
             Slain by a wight
             ... wielding a +2 flail of freezing
              (7 damage)
             ... on level 8 of the Dungeon.
             The game lasted 00:19:40 (6938 turns).

wvc the Destroyer (Gargoyle Fire Elementalist)      Turns: 6938, Time: 00:19:40

Health: -3/45      AC:  9    Str: 13    XL:     9   Next: 47%
Magic:  15/18      EV: 11    Int: 19    God:    Vehumet [*.....]
Gold:   329        SH:  5    Dex: 10    Spells: 6/20 levels left

rFire   . . .        g - +1 short sword (venom)
rCold   . . .        (no shield)
rNeg    + . .        j - +1 robe
rPois   ∞            (no helmet)
rElec   +            (no cloak)
rCorr   .            (no gloves)
SInv    .            (no boots)
Will    .....        l - amulet of reflection
Stlth   ++           a - +4 ring of slaying
HPRegen 0.27/turn    (no ring)
MPRegen 0.16/turn

%: reflection
@: no status effects
A: sickness immunity, AC +6, negative energy resistance 1, electricity
resistance, torment resistance 1, petrification resistance
a: Renounce Religion


You were on level 8 of the Dungeon.
You worshipped Vehumet.
Vehumet was aware of your devotion.
You visited 2 branches of the dungeon, and saw 9 of its levels.

You collected 329 gold pieces.

Inventory:

Hand Weapons
 g - a +1 short sword of venom (weapon)
 A - a +0 rapier
Missiles
 q - 5 poisoned darts
Armour
 c - the +0 ring mail of Mezcal {Regen+ Dex+5}
   (You found it on level 5 of the Dungeon)

   Dex+5:     It affects your dexterity (+5).
   Regen+:    It increases your rate of health regeneration.
 j - a +1 robe (worn)
Jewellery
 a - a +4 ring of slaying (left hand)
 l - an amulet of reflection (around neck)
 m - a ring of ice
Wands
 t - a wand of flame (18)
Scrolls
 k - 2 scrolls of revelation
 o - 2 scrolls of fear
 p - 4 scrolls of teleportation
 v - 2 scrolls of brand weapon
 w - a scroll of identify
 y - a scroll of amnesia
Potions
 b - 3 potions of magic
 d - 3 potions of ambrosia
 e - a potion of resistance
 f - a potion of haste
 h - 3 potions of curing
 i - a potion of heal wounds
 n - a potion of degeneration {unknown}
 r - a potion of invisibility {unknown}
 s - 3 potions of lignification
 u - a potion of berserk rage {unknown}
 x - a potion of attraction {unknown}
 z - a potion of cancellation {unknown}


   Skills:
 - Level 1.5 Dodging
 - Level 2.1 Stealth
 + Level 6.4 Spellcasting
 * Level 8.5 Conjurations
 + Level 7.7 Fire Magic


You had 6 spell levels left.
You knew the following spells:

 Your Spells              Type           Power      Damage    Failure   Level
a - Foxfire               Conj/Fire      100%       2x1d9     1%          1
b - Scorch                Fire           70%        2d7       1%          2
c - Inner Flame           Hex/Fire       20%        N/A       7%          3
d - Volatile Blastmotes   Fire/Tloc      40%        2d13      7%          3
e - Flame Wave            Conj/Fire      37%        2d10      3%          4
f - Magic Dart            Conj           100%       1d8       1%          1

Your spell library contained the following spells:

 Spells                   Type           Power      Damage    Failure   Level
 Kiss of Death            Conj/Necr      88%        2d12      1%          1
 Wereblood                Tmut           6%         N/A       16%         2
 Summon Hydra             Summ           3%         N/A       100%        7
 Sublimation of Blood     Necr           Unusable   N/A       N/A         2

Dungeon Overview and Level Annotations

Branches:
Dungeon (8/15)             Temple (1/1) D:4
   Lair: D:8-11

Altars:
Ashenzari
Cheibriados
Dithmenos
Elyvilon
Fedhas
Gozag
Hepliaklqana
Kikubaaqudgha
Makhleb
Nemelex Xobeh
Okawaru
Qazlal
Ru
Sif Muna
Trog
Uskayaw
Vehumet
Wu Jian
Xom
Yredelemnul
Zin
The Shining One

Shops:
D:4 (

Annotations:
D:5 2 runed translucent doors, Takeo's ghost, novice DrSh
Temple 1 transporter


Innate Abilities, Weirdness & Mutations

You are immune to sickness and miasma.
Your stone body is resilient. (AC +6)
You are immune to poison.
You resist negative energy. (rN+)
You are resistant to electric shocks. (rElec)
You are resistant to unholy torment.
You are immune to petrification.


Message History

a +0 hand axe; a gnoll skeleton
There is a stone staircase leading down here.
You climb downwards.
Found a blackened copper wand, 21 gold pieces and a leather armour.
There is a stone staircase leading up here.
Casting: Foxfire (safe; 1% risk of failure)
Press: ? - help, Q - select action, (/) - cycle Dir - look around, f - activate You conjure some foxfire!
The foxfire hits the wight.
The wight is moderately damaged.
The foxfire hits the wight.
The wight is severely damaged.
Casting: Foxfire (safe; 1% risk of failure)
Press: ? - help, Q - select action, (/) - cycle Dir - look around, f - activate You conjure some foxfire!
The foxfire hits the wight but does no damage.
Casting: Foxfire (safe; 1% risk of failure)
Press: ? - help, Q - select action, (/) - cycle Dir - look around, f - activate You conjure some foxfire!
The foxfire hits the wight but does no damage.
The wight hits you with a +2 flail of freezing!
The wight freezes you.
You closely miss the wight.
The wight is severely damaged.
The foxfire hits the wight!
The wight is moderately damaged.
The foxfire hits the wight.
The wight is almost destroyed.
You hit the wight but do no damage.
The wight is almost destroyed.
The wight hits you with a +2 flail of freezing.
The wight freezes you.
Casting: Foxfire (safe; 1% risk of failure)
Press: ? - help, Q - select action, (/) - cycle Dir - look around, f - activate You conjure some foxfire!
The wight hits you with a +5 scimitar of freezing!
The wight freezes you. The wight hits you with a +4 scimitar!
* * * LOW HITPOINT WARNING * * *
The wight hits you with a +2 flail of freezing!
You die...

############
...........#
...........#
...........#
......./v..#
......z@v..#
....$.zz...#
.........[.+
...........#
########.....
......
.......
.......


You could see 3 wights.

Vanquished Creatures
  A kobold demonologist (D:7)
  4 water moccasins
  A sky beast (D:6)
  2 centaurs (D:7)
  An ogre (D:4)
  3 bullfrogs
  A gnoll sergeant (D:6)
  4 scorpions
  4 wights (D:7)
  2 gnoll boudas
  3 hounds
  A jelly (D:7)
  2 sleepcaps (D:5)
  An iguana (D:5)
  22 gnolls
  9 adders
  A shadow imp (D:5)
  2 white imps
  An ufetubus (D:6)
  3 worms
  5 dart slugs
  19 orcs
  8 ball pythons
  5 endoplasms
  3 giant cockroaches
  11 goblins
  7 hobgoblins
  3 jackals (D:3)
  3 quokkas
  9 bats
  3 frilled lizards
  7 kobolds
  7 rats
158 creatures vanquished.

Vanquished Creatures (others)
  259 foxfires
259 creatures vanquished.

Grand Total: 417 creatures vanquished

Notes
Turn   | Place    | Note
-------+----------+-------------------------------------------
     0 | D:1      | wvc the Gargoyle Fire Elementalist began the quest for the
                  | Orb.
     0 | D:1      | Reached XP level 1. HP: 10/10 MP: 3/3
   166 | D:1      | Reached XP level 2. HP: 13/15 MP: 5/5
   484 | D:1      | Reached XP level 3. HP: 19/19 MP: 6/6
  1188 | D:2      | Reached skill level 2 in Conjurations
  1217 | D:2      | Found a blossoming altar of Fedhas.
  1387 | D:3      | Found a basalt altar of Yredelemnul.
  1397 | D:3      | Reached XP level 4. HP: 24/24 MP: 7/7
  1397 | D:3      | Found a burning altar of Makhleb.
  1397 | D:3      | Found a white marble altar of Elyvilon.
  1397 | D:3      | Found an ancient bone altar of Kikubaaqudgha.
  1397 | D:3      | Found a stormy altar of Qazlal.
  2206 | D:3      | Reached XP level 5. HP: 21/28 MP: 2/9
  2569 | D:4      | Reached skill level 5 in Fire Magic
  2731 | D:4      | Found Qoyrofra's Weapon Shop.
  2739 | D:4      | Noticed a water moccasin
  2755 | D:4      | Killed a water moccasin
  2756 | D:4      | Reached skill level 3 in Conjurations
  2756 | D:4      | Reached XP level 6. HP: 28/32 MP: 4/11
  3028 | D:4      | Found a staircase to the Ecumenical Temple.
  3042 | Temple   | Found a transporter.
  3042 | Temple   | Found a transporter.
  3042 | Temple   | Found a transporter.
  3042 | Temple   | Found a transporter.
  3042 | Temple   | Entered the Ecumenical Temple
  3056 | Temple   | Became a worshipper of Vehumet
  3529 | D:5      | Entered Level 5 of the Dungeon
  3529 | D:5      | Noticed a water moccasin
  3540 | D:5      | Killed a water moccasin
  3541 | D:5      | Reached skill level 4 in Conjurations
  3541 | D:5      | Reached XP level 7. HP: 29/36 MP: 7/12
  3657 | D:5      | Reached skill level 5 in Conjurations
  3659 | D:5      | Identified the +0 ring mail of Mezcal {Regen+ Dex+5}
  3666 | D:5      | Learned a level 2 spell: Scorch
  3670 | D:5      | Learned a level 3 spell: Inner Flame
  3674 | D:5      | Learned a level 3 spell: Volatile Blastmotes
  3679 | D:5      | Learned a level 4 spell: Flame Wave
  4069 | D:5      | Found a runed translucent door.
  4089 | D:5      | Found a runed translucent door.
  4093 | D:5      | Noticed Takeo's ghost (novice DrSh)
  4265 | D:5      | Reached XP level 8. HP: 41/41 MP: 14/14
  4723 | D:5      | Reached skill level 6 in Conjurations
  5019 | D:6      | Reached * piety under Vehumet
  5019 | D:6      | Offered knowledge of Magic Dart by Vehumet.
  5020 | D:6      | Reached skill level 5 in Spellcasting
  5025 | D:6      | Learned a level 1 spell: Magic Dart
  5583 | D:6      | Reached skill level 7 in Conjurations
  6046 | D:7      | Reached XP level 9. HP: 45/45 MP: 12/17
  6149 | D:7      | Noticed a kobold demonologist
  6172 | D:7      | Killed a kobold demonologist
  6173 | D:7      | Reached skill level 8 in Conjurations
  6852 | D:7      | Offered knowledge of Kiss of Death by Vehumet.
  6938 | D:8      | Slain by a wight

Illustrated notes

Levels and vault maps discovered:
D:1:      lemuel_arrival_behind_the_door_small, layout_loops_ring
D:2:      layout_loops_ring, basic_altar, minmay_stone_trees_small
D:3:      layout_loops_corners, grunt_temple_overflow_open
D:4:      minmay_recursive_quarters, layout_basic, minmay_temple_entry_arrows,
          serial_shops, shop
D:5:      layout_basic, ebering_ghost_sewer_f
D:6:      layout_cave_pods
D:7:      layout_loops_ring, lightli_bailey_entry_fortress
D:8:      layout_gridville, grunt_lair_entry_orc_guard_hut, uniq_jeremiah
Temple:   hellmonk_temple_divided_pantheon

Skill      XL: |  1  2  3  4  5  6  7  8  9 |
---------------+----------------------------+-----
Conjurations   | 2 3 4 5 7 8 |  8.5
Fire Magic     | 4 5 6 7 |  7.7
Spellcasting   | 3 4 5 6 |  6.4
Dodging        | |  1.5
Stealth        | |  2.1

Action                     |  1- 3 |  4- 6 |  7- 9 || total
---------------------------+-------+-------+-------++-------
  Melee: Short sword       |    87 |   125 |   165 ||   377
         Punch             |       |     2 |     2 ||     4
   Cast: Foxfire           |     4 |    45 |   103 ||   152
         Volatile Blastmot |       |       |     1 ||     1
         Magic Dart        |       |       |     1 ||     1
    Use: Scroll            |       |    10 |     6 ||    16
   Stab: Sleeping          |     5 |     2 |     3 ||    10
 Armour: Robe              |    39 |    63 |   117 ||   219
         Ring mail         |     2 |       |       ||     2
  Dodge: Dodged            |    41 |    59 |    73 ||   173
  Block: Other             |    18 |    32 |    47 ||    97
         Reflection        |     2 |       |     1 ||     3

Table legend: (Time is in decaauts)
 A = Elapsed time spent in this place.
 B = Non-inter-level travel time spent in this place.
 C = Inter-level travel time spent in this place.
 D = Time resting spent in this place.
 E = Time spent auto-exploring this place.
 F = Levels seen in this place.
 G = Mean time per level.
                   A        B        C        D        E       F      G
               +--------+--------+--------+--------+--------+-----+--------+
         Total |   6961 |   6769 |    192 |    334 |   4850 |   9 |  773.4 |
       Dungeon |   6910 |   6733 |    177 |    332 |   4850 |   8 |  863.8 |
        Temple |     51 |     36 |     15 |      2 |      0 |   1 |   51.0 |
               +--------+--------+--------+--------+--------+-----+--------+

Top non-repeatable levels by time:
     D:5: 1334 daAuts
     D:3: 1158 daAuts
     D:6: 1145 daAuts
     D:4: 957 daAuts
     D:7: 946 daAuts
     D:2: 700 daAuts
     D:1: 660 daAuts
  Temple: 51 daAuts
     D:8: 6 daAuts
